cohdb
Replays
Latest Replays
All Replays
Popular Replays
Top Player Replays
Match Explorer
How It Works
Community
CoH3 Stats
Reddit
Sign in to upload your games and track your stats! →
Sign in with Steam
Match 41400011
Unlisted
Match 41400011
Overview
Messages
Build Orders
End
Construct Infanterie Kompanie
Kettenkrad Recon Vehicle
Selects Terror Battlegroup
Selects Machine Gun Camouflage
MG 42 Machine Gun Team
MG 42 Machine Gun Team
Grenadier Squad
GrW 34 Mortar Team
Grenadier Squad
Construct Panzergrenadier Kompanie
Support Elements
Panzergrenadier Squad
Selects Interrogate
StuG III G Assault Gun
Pioneer Squad
StuG III G Assault Gun
Selects Jericho Trumpet
Nebelwerfer 42 Rocket Launcher Team
Pioneer Squad
StuG III G Assault Gun
Pioneer Squad
Medical Bunker
Selects V1 Rocket Strike
Side Skirts
Pioneer Squad
6block
C.R575
内裤里的恶魔
qunnaczan
Silac
Lucifi
wila
Common folk
0
0
Comments
sign in to comment!
No comments posted yet!